 Dungeon Crawl Stone Soup version 0.21.0-3-g78d12a8 (webtiles) character file.

450 inmateoo the Ducker (level 6, -3/48 HPs)
             Began as a Demonspawn Wanderer on Jan 9, 2018.
             Slain by a flying skull (7 damage)
             ... created by the anger of Yredelemnul
             ... on level 4 of the Dungeon.
             The game lasted 00:07:37 (5322 turns).

inmateoo the Ducker (Demonspawn Wanderer)           Turns: 5322, Time: 00:07:38

Health: -3/48      AC:  8    Str: 15    XL:     6   Next: 74%
Magic:  0/15       EV: 13    Int: 12    God:
Gold:   158        SH:  0    Dex: 13    Spells: 5/5 levels left

rFire    + . .     SeeInvis .   p - +1 quarterstaff
rCold    . . .     Gourm    .   (shield currently unavailable)
rNeg     . . .     Faith    .   f - +3 leather armour
rPois    .         Spirit   +   (helmet restricted)
rElec    .         Reflect  .   (no cloak)
rCorr    .         Harm     .   (no gloves)
MR       .....                  (no boots)
Stlth    +++.......             (no amulet)
HPRegen  0.16/turn              s - ring of magical power
MPRegen  0.14/turn              i - ring of protection from fire

@: hasted, very quick
A: antennae 2, thin metallic scales 1, nightstalker 1, magic shield
a: no special abilities


You were on level 4 of the Dungeon.
You were very hungry.

You visited 1 branch of the dungeon, and saw 5 of its levels.

You collected 158 gold pieces.

Inventory:

Hand Weapons
 e - a +0 blowgun
 p - a +1 quarterstaff (weapon)
Missiles
 l - 15 poisoned needles
Armour
 f - a +3 leather armour (worn)
Jewellery
 i - a ring of protection from fire (right hand)
 s - a ring of magical power (left hand)
Scrolls
 j - 4 scrolls of identify
Potions
 d - a potion of flight
Comestibles
 g - 6 rations


   Skills:
 + Level 3.9 Fighting
   Level 1.0 Polearms
 - Level 1.0 Throwing
 + Level 4.1 Dodging
 * Level 3.2 Stealth
 - Level 3.6 Unarmed Combat
   Level 1.0 Evocations


You had 5 spell levels left.
You didn't know any spells.

Dungeon Overview and Level Annotations

Branches:
Dungeon (5/15)
 Temple: D:4-7

Altars:
Ashenzari
Makhleb
Vehumet
Xom
Yredelemnul

Annotations:
D:4 Akransas's ghost, amateur BaFi


Innate Abilities, Weirdness & Mutations

You have a pair of antennae on your head.
You are partially covered in thin metallic scales. (AC +2)
You are slightly more attuned to the shadows.
When hurt, damage is shared between your health and your magic reserves.


Message History

* * * LOW HITPOINT WARNING * * *
The flying skull hits you but does no damage.
You feel better. The flying skull hits you. The flying skull barely misses you.
Okay, then.
You closely miss the flying skull.
The flying skull is heavily damaged.
The flying skull barely misses you. The flying skull hits you!
* * * LOW HITPOINT WARNING * * *
The flying skull misses you.
Unknown command.
You hit the flying skull.
The flying skull is severely damaged.
The flying skull hits you.
* * * LOW HITPOINT WARNING * * *
The flying skull barely misses you.
Unknown command.
You miss the flying skull.
The flying skull is severely damaged.
The flying skull hits you!
You die...

#.##.#.#.##.......## ##.##
#......#.#......>..####...#####
#........'.........'...........
###...####.........####...#.###
##.## ##.......## #......## #.#
##.....## #.......# #.# ##zz.##
#......## #.#########z##
#####.## #.#≈≈≈≈≈###@# #.#
#.≈≈...≈≈##z# #.#
##≈.§...≈##.## #.#
#.≈.._§.≈#...###########.#
#.≈.....≈.....##......##.#
#.≈≈...≈≈#...###.####.##.#
#.#≈≈≈≈≈###.## #.##......#
#.###.#.########.##.#.####
#.###...............#.#


You could see 4 flying skulls.

Vanquished Creatures
  A phantom (D:5)
  2 ogres (D:4)
  A hound (D:4)
  An iguana (D:5)
  Ijyb (D:3)
  4 adders
  A shadow imp (D:5)
  2 oozes
  4 worms
  A dart slug (D:1)
  2 leopard geckos (D:1)
  3 bats
  5 giant cockroaches
  4 goblins
  6 hobgoblins
  4 jackals
  A quokka (D:3)
  A ball python (D:1)
  6 frilled lizards
  A jackal skeleton (D:4)
  8 kobolds
  A leopard gecko skeleton (D:4)
  3 rats
63 creatures vanquished.

Vanquished Creatures (others)
  A howler monkey (D:4)
  An orc wizard (D:4)
  An iguana (D:4)
  A worker ant (D:4)
  A quokka (D:4)
  A frilled lizard (D:4)
6 creatures vanquished.

Grand Total: 69 creatures vanquished

Notes
Turn   | Place    | Note
-------+----------+-------------------------------------------
     0 | D:1      | inmateoo the Demonspawn Wanderer began the quest for the Orb.
     0 | D:1      | inmateoo set off with: a potion of haste, a potion of berserk rage, a potion of lignification, 12 poisoned needles, a +0 blowgun, a +0 robe, a ration
     0 | D:1      | Reached XP level 1. HP: 16/16 MP: 1/1
   167 | D:1      | Gained mutation: You are partially covered in thin metallic scales. (AC +2) [demonic ancestry]
   167 | D:1      | Reached XP level 2. HP: 12/22 MP: 2/2
   642 | D:1      | Found a shattered altar of Ashenzari.
   783 | D:1      | Reached skill level 3 in Dodging
  1027 | D:2      | Gained mutation: You have a pair of small antennae on your head. [demonic ancestry]
  1027 | D:2      | Reached XP level 3. HP: 21/28 MP: 3/3
  2885 | D:2      | Gained mutation: When hurt, damage is shared between your health and your magic reserves. [demonic ancestry]
  2885 | D:2      | Reached XP level 4. HP: 33/34 MP: 4/4
  3015 | D:2      | Found a radiant altar of Vehumet.
  3015 | D:2      | Found a basalt altar of Yredelemnul.
  3025 | D:2      | Became a worshipper of Yredelemnul the Dark
  3050 | D:3      | Noticed Ijyb
  3060 | D:3      | Killed Ijyb
  3851 | D:3      | You fall through a shaft for 2 floors!
  3851 | D:5      | Entered Level 5 of the Dungeon
  3863 | D:5      | Gained mutation: You are slightly more attuned to the shadows. [demonic ancestry]
  3863 | D:5      | Reached XP level 5. HP: 20/41 MP: 3/5
  4021 | D:5      | Noticed a phantom
  4066 | D:5      | Killed a phantom
  4066 | D:5      | Reached skill level 1 in Stealth
  4077 | D:5      | Fell from the grace of Yredelemnul
  4214 | D:4      | Gained mutation: You have a pair of antennae on your head. [demonic ancestry]
  4214 | D:4      | Reached XP level 6. HP: 43/47 MP: 6/6
  4332 | D:4      | Found a shimmering altar of Xom.
  4554 | D:4      | Reached skill level 4 in Dodging
  4804 | D:4      | Found a burning altar of Makhleb.
  5101 | D:4      | Noticed Akransas's ghost (amateur BaFi)
  5301 | D:4      | Noticed a flying skull
  5301 | D:4      | Noticed a flying skull
  5301 | D:4      | Noticed a flying skull
  5301 | D:4      | Noticed a flying skull
  5322 | D:4      | Slain by a flying skull

Skill      XL: |  1  2  3  4  5  6 |
---------------+-------------------+-----
Unarmed Combat | 2 3 |  3.6
Dodging        | 3 4 |  4.1
Fighting       | 3 |  3.9
Stealth        | 2 3 |  3.2
Polearms       | |  1.0
Throwing       | |  1.0
Evocations     | |  1.0

Action                   |  1- 3 |  4- 6 || total
-------------------------+-------+-------++-------
Melee: Unarmed           |   183 |     4 ||   187
       Punch             |     1 |       ||     1
       Quarterstaff      |       |   146 ||   146
 Fire: Blowgun           |    39 |     3 ||    42
Invok: Renounce Religion |       |     1 ||     1
  Use: Potion            |     1 |     8 ||     9
       Scroll            |       |    11 ||    11
 Stab: Sleeping          |     1 |     4 ||     5
  Eat: Chunk             |     6 |     7 ||    13
Armor: Robe              |    32 |     4 ||    36
       Leather armour    |       |    34 ||    34
       Skin              |       |     6 ||     6
Dodge: Dodged            |   105 |   126 ||   231
